 Dungeon Crawl Stone Soup version 0.23-a0-171-g5ae17c6e89 (webtiles) character file.

171 Holzbalken the Cudgeler (level 5, -2/38 HPs)
             Began as a Demonspawn Gladiator on Sept 14, 2018.
             Was an Initiate of Ashenzari.
             Slain by Edmund
             ... wielding a +0 dire flail of protection
              (8 damage)
             ... on level 4 of the Dungeon.
             The game lasted 00:14:27 (4166 turns).

Holzbalken the Cudgeler (Demonspawn Gladiator)      Turns: 4166, Time: 00:14:27

Health: -2/38      AC:  3    Str: 15    XL:     5   Next: 26%
Magic:  5/5        EV: 12    Int: 15    God:    Ashenzari [......]
Gold:   131        SH:  0    Dex: 14    Spells: 4/4 levels left

rFire    . . .     SeeInvis .     - Unarmed
rCold    . . .     Gourm    .   (no shield)
rNeg     . . .     Faith    .   b - +0 leather armour
rPois    .         Spirit   .   o - +0 hat
rElec    .         Reflect  .   (no cloak)
rCorr    .         Harm     .   (no gloves)
MR       .....                  (no boots)
Stlth    +.........             (no amulet)
HPRegen  0.12/turn              (no ring)
MPRegen  0.09/turn              (no ring)

@: brilliant
A: antennae 2, claws 1
a: Curse Item, Renounce Religion


You were on level 4 of the Dungeon.
You worshipped Ashenzari.
Ashenzari was noncommittal.
You were not hungry.

You visited 2 branches of the dungeon, and saw 5 of its levels.

You collected 131 gold pieces.

Inventory:

Missiles
 d - 3 throwing nets (quivered)
Armour
 b - a +0 leather armour (worn)
 c - a +0 helmet
 o - a +0 hat (worn)
Wands
 g - a wand of polymorph (13)
Scrolls
 a - a scroll of remove curse
 e - a scroll of teleportation
Potions
 i - 2 potions of cancellation
 q - a potion of lignification
Comestibles
 f - 8 rations


   Skills:
 - Level 2.0 Fighting
   Level 3.8 Maces & Flails
 - Level 1.7 Throwing
 - Level 2.6 Dodging
 + Level 3.6 Unarmed Combat


You had 4 spell levels left.
You didn't know any spells.
Your spell library was empty.

Dungeon Overview and Level Annotations

Branches:
Dungeon (4/15)             Temple (1/1) D:4

Altars:
Ashenzari
Cheibriados
Dithmenos
Elyvilon
Gozag
Hepliaklqana
Makhleb
Nemelex Xobeh
Okawaru
Qazlal
Ru
Sif Muna
Trog
Uskayaw
Vehumet
Wu Jian
Xom
Yredelemnul
Zin

Shops:
D:4 ?

Annotations:
D:4 Edmund, Menkaure


Innate Abilities, Weirdness & Mutations

You have a pair of antennae on your head.
You have sharp fingernails.


Message History

You scratch Edmund but do no damage.
Edmund is moderately wounded.
A worker ant comes into view.
Edmund closely misses you.
You scratch Edmund but do no damage.
Edmund is moderately wounded.
Edmund barely misses you.
You scratch Edmund.
Edmund is heavily wounded.
Edmund closely misses you.
You barely miss Edmund.
Edmund is heavily wounded.
A quokka comes into view.
Edmund closely misses you.
You scratch Edmund but do no damage.
Edmund is heavily wounded.
You scratch Edmund but do no damage.
Edmund is heavily wounded.
Edmund hits you with a dire flail of protection!
You die...

####### ##### #......
...... #.##### ......
#.##### ......#### #######
#.#....
.....r...####.....###.#.###
...?....a@@................
.........####.....###.#.###
.........####.....# #.#.# #
..................# #.# # #
#############.##### #.# #
#.....#..######.# . .
#.....>.........#.# #
#.................
#..............##


You could see Edmund, a worker ant and a quokka.

Vanquished Creatures
  An orc priest (D:4)
  3 adders
  A shadow imp (D:2)
  An ooze (D:1)
  3 worms
  4 dart slugs
  3 leopard geckos
  9 orcs
  6 giant cockroaches
  7 goblins
  5 hobgoblins
  4 jackals
  A quokka (D:2)
  4 bats
  3 frilled lizards
  11 kobolds
  8 rats
74 creatures vanquished.

Notes
Turn   | Place    | Note
-------+----------+-------------------------------------------
     0 | D:1      | Holzbalken the Demonspawn Gladiator began the quest for the
                  | Orb.
     0 | D:1      | Reached XP level 1. HP: 16/16 MP: 1/1
   261 | D:1      | Gained mutation: You have a pair of small antennae on your
                  | head. [demonic ancestry]
   261 | D:1      | Reached XP level 2. HP: 15/22 MP: 2/2
   736 | D:1      | Gained mutation: You have sharp fingernails. [demonic
                  | ancestry]
   736 | D:1      | Reached XP level 3. HP: 27/27 MP: 3/3
  1305 | D:2      | Reached skill level 1 in Unarmed Combat
  1653 | D:2      | Found a snail-covered altar of Cheibriados.
  1841 | D:2      | Gained mutation: You have a pair of antennae on your head.
                  | [demonic ancestry]
  1841 | D:2      | Reached XP level 4. HP: 14/33 MP: 4/4
  3193 | D:4      | Reached XP level 5. HP: 16/38 MP: 5/5
  3194 | D:4      | HP: 1/38 [orc/dagger (1)]
  3212 | D:4      | Found Waxty's Magic Scroll Shoppe.
  3262 | D:4      | Noticed an ogre
  3484 | D:4      | Noticed Menkaure
  3786 | D:4      | Found a staircase to the Ecumenical Temple.
  3827 | Temple   | Entered the Ecumenical Temple
  3913 | Temple   | Became a worshipper of Ashenzari the Shackled
  4137 | D:4      | Noticed Edmund
  4152 | D:4      | HP: 1/38 [Edmund/dire flail of protection (12)]
  4166 | D:4      | Slain by Edmund

Vault maps used:
D:1:      nicolae_arrival_memento_mori, bh_walls_and_bars
D:2:      cheibriados_altar_1
D:3:      first_ration, kennysheep_generic_room_13
D:4:      minmay_temple_entry_nine_rooms, serial_shops, shop, uniq_menkaure,
          uniq_edmund
Temple:   dpeg_five_rooms_temple

Skill      XL: |  1  2  3  4 |
---------------+-------------+-----
Maces & Flails | 3 |  3.8
Unarmed Combat | 2 3 |  3.6
Fighting       | |  2.0
Throwing       | |  1.7
Dodging        | |  2.6

Action                   |  1- 3 |  4- 6 || total
-------------------------+-------+-------++-------
Melee: Flail             |    64 |       ||    64
       Unarmed           |    87 |   149 ||   236
  Use: Scroll            |       |     8 ||     8
       Potion            |       |     4 ||     4
 Stab: Sleeping          |     2 |     1 ||     3
  Eat: Chunk             |     3 |     5 ||     8
       Ration            |       |     1 ||     1
Armor: Leather armour    |    44 |    27 ||    71
Dodge: Dodged            |    84 |    88 ||   172

Table legend:
 A = Non-vault XP
 B = Vault XP
 C = Vault XP percentage of total XP
 D = Non-vault monster count
 E = Vault monster count
 F = Vault count percentage of total count
                 A         B        C        D         E       F
            +---------+---------+-------+---------+---------+-------
      Total |     243 |       2 |   0.8 |      73 |       1 |   1.4
            +---------+---------+-------+---------+---------+-------
        D:1 |      42 |       0 |   0.0 |      20 |       0 |   0.0
        D:2 |      57 |       0 |   0.0 |      18 |       0 |   0.0
        D:3 |      76 |       2 |   2.6 |      26 |       1 |   3.7
        D:4 |      68 |       0 |   0.0 |       9 |       0 |   0.0
            +---------+---------+-------+---------+---------+-------
